 Dungeon Crawl Stone Soup version 0.28.0-53-g5a82cb258f (webtiles) character file.

Game seed: 15747690081510022122

59 Stomo the Skirmisher (level 3, 0/29 HPs)
             Began as a Demonspawn Fighter on July 2, 2022.
             Slain by Natasha (5 damage)
             ... on level 2 of the Dungeon.
             The game lasted 00:02:27 (1949 turns).

Stomo the Skirmisher (Demonspawn Fighter)           Turns: 1949, Time: 00:02:28

Health: 0/29       AC:  7    Str: 18    XL:     3   Next: 78%
Magic:  3/3        EV: 10    Int:  9    God:
Gold:   32         SH:  0    Dex: 12    Spells: 2/2 levels left

rFire   . . .      SeeInvis .   a - +0 flail
rCold   . . .      Faith    .   (no shield)
rNeg    . . .      Spirit   .   b - +0 scale mail
rPois   .          Reflect  .   h - +1 hat
rElec   .          Harm     .   (no cloak)
rCorr   .          Rampage  .   (no gloves)
Will    .....                   (no boots)
Stlth   ..........              (no amulet)
HPRegen 0.09/turn               (no ring)
MPRegen 0.08/turn               (no ring)

@: no status effects
A: weakness stinger 1
a: no special abilities


You were on level 2 of the Dungeon.
You visited 1 branch of the dungeon, and saw 2 of its levels.

You collected 32 gold pieces.

Inventory:

Hand Weapons
 a - a +0 flail (weapon)
Missiles
 k - 2 throwing nets (quivered)
Armour
 b - a +0 scale mail (worn)
 c - a +0 buckler
 h - a +1 hat (worn)
Jewellery
 f - a ring of positive energy
 l - a ring of fire
Scrolls
 g - 3 scrolls of vulnerability
 j - a scroll of fear {unknown}
Potions
 d - a potion of might
 e - a potion of heal wounds {unknown}
 m - a potion of attraction {unknown}


   Skills:
 + Level 3.4 Fighting
 + Level 2.4 Maces & Flails
 + Level 3.2 Armour
 + Level 1.3 Dodging
 - Level 2.6 Shields


You had 2 spell levels left.
You didn't know any spells.
Your spell library contained the following spells:

 Spells                   Type           Power      Damage    Failure   Level
 Summon Small Mammal      Summ           0%         N/A       77%         1
 Call Canine Familiar     Summ           0%         N/A       98%         3
 Summon Guardian Golem    Hex/Summ       0%         N/A       98%         3
 Tukima's Dance           Hex            0%         N/A       98%         3
 Passage of Golubria      Tloc           0%         N/A       100%        4
 Yara's Violent Unravell  Hex/Tmut       0%         3d3       100%        5


Dungeon Overview and Level Annotations

Branches:
Dungeon (2/15)

Altars:

Shops:
D:2 (

Annotations:
D:2 Natasha


Innate Abilities, Weirdness & Mutations

You have a small tail.


Message History

There is a stone staircase leading up here.
You start resting.
Natasha, Servant of Life and Death comes into view.
Natasha hisses angrily.
Natasha stares at you and mumbles some strange words.
You feel yourself slow down.
You climb upwards.
There is a stone staircase leading down here.
You start resting.
You feel yourself speed up.
You start resting.
HP restored.
You climb downwards.
Level annotation: Natasha
There is a stone staircase leading up here.
Natasha stares at you and mumbles some strange words.
The magic dart hits you!
Natasha is nearby!
You barely miss Natasha. Natasha casts a spell at you. The magic dart hits you.
Natasha barely misses you.
You sock Natasha!
Natasha is heavily wounded.
Natasha claws you.
You closely miss Natasha.
Natasha is heavily wounded.
Natasha claws you but does no damage.
You miss Natasha.
Natasha is heavily wounded.
Natasha casts a spell at you.
The magic dart hits you but does no damage.
You miss Natasha.
Natasha is heavily wounded.
Natasha stares at you and mumbles some strange words.
The magic dart hits you. Natasha claws you!
* * * LOW HITPOINT WARNING * * *
You hit Natasha.
Natasha is severely wounded.
Natasha claws you.
You die...

..♣.♣♣...........#.#........#....
.........(.......#.#........####.
........####.....#.#........# #.
....##.##...................#####
h..†##.##.......##.##.......#....
.....#.##......†............#....
.....#).....................#....
.....#..†#####....<##.......#....
.....#...#####+#@...........<....
.....#...#......h##..............
.........#.......##..............
..............##..............
........#.......##..............
#.......#.......##...........###
......###.......##...........#
.###.......##...........###
.......∩...##..............


You could see Natasha.

Vanquished Creatures
  Natasha (D:2)
  2 bats
  2 endoplasms
  3 goblins (D:1)
  8 hobgoblins
  3 jackals (D:1)
  A quokka (D:2)
  2 ball pythons
  2 frilled lizards (D:1)
  5 kobolds
  2 rats (D:2)
31 creatures vanquished.

Notes
Turn   | Place    | Note
-------+----------+-------------------------------------------
     0 | D:1      | Stomo the Demonspawn Fighter began the quest for the Orb.
     0 | D:1      | Reached XP level 1. HP: 18/18 MP: 1/1
   417 | D:1      | Gained mutation: You have a small tail. [demonic ancestry]
   417 | D:1      | Reached XP level 2. HP: 24/24 MP: 2/2
  1190 | D:2      | Found Ynuere's Antique Weapon Shop.
  1276 | D:2      | Reached skill level 1 in Dodging
  1479 | D:2      | Reached XP level 3. HP: 29/29 MP: 3/3
  1530 | D:2      | Found a faded altar of an unknown god.
  1603 | D:2      | Noticed Natasha
  1803 | D:2      | Killed Natasha
  1842 | D:2      | Noticed Natasha
  1949 | D:2      | Slain by Natasha

Illustrated notes

Levels and vault maps discovered:
D:1:      erik_arrival_orb_chamber, layout_basic
D:2:      layout_basic, serial_shops, shop, shop, shop, basic_altar,
          chequers_ecumenical_altar_grove, uniq_natasha

Skill      XL: |  1  2 |
---------------+-------+-----
Maces & Flails | 2 |  2.4
Armour         | 3 |  3.2
Dodging        | 1 |  1.3
Fighting       | |  3.4
Shields        | |  2.6

Action                   || total
-------------------------++-------
Melee: Flail             ||    94
       Tailslap          ||     5
  Use: Scroll            ||     2
Armor: Scale mail        ||    71
Dodge: Dodged            ||    65
